 Dungeon Crawl Stone Soup version 0.17-a0-157-g289cc6a (webtiles) character file.

29654 Grim the Brawler (level 13, 0/133 HPs)
             Began as a Troll Monk on Mar 25, 2015.
             Was the Champion of Cheibriados.
             Blown up by an orb spider (43 damage)
             ... with an orb of destruction
             ... on level 6 of the Lair of Beasts on Mar 26, 2015.
             The game lasted 01:06:01 (16577 turns).

Grim the Brawler (Troll Monk)                      Turns: 16577, Time: 01:06:01

Health: 0/133      AC: 13    Str: 37    XL:     13   Next: 16%
Magic:  5/5        EV: 19    Int: 17    God:    Cheibriados [******]
Gold:   778        SH:  0    Dex: 34    Spells: 0 memorised, 12 levels left

rFire  + + .     SeeInvis .       - Unarmed
rCold  x x .     Clarity  .     U - +0 fire dragon armour
rNeg   . . .     SustAb   .     (no shield)
rPois  .         Gourm    +     (helmet restricted)
rElec  +         Spirit   .     L - +1 cloak {+Inv}
rCorr  .         Warding  .     (gloves unavailable)
rMut   .         Stasis   .     (boots unavailable)
MR     +....                    a - amulet of regeneration
Stlth  +.........               A - ring "Pnuivvuri" {rElec rC- Int-4 Dex+3}
                                g - ring of protection from magic

@: very slow, somewhat resistant to hostile enchantments, very unstealthy
A: unfitting armour, claws 3, fast metabolism 3, gourmand, regeneration 2,
shaggy fur 1, tough skin 2
a: Bend Time, Temporal Distortion, Slouch, Step From Time, Renounce Religion,
Evoke Invisibility


You were on level 6 of the Lair of Beasts.
You worshipped Cheibriados.
Cheibriados was exalted by your worship.
You were full.

You visited 3 branches of the dungeon, and saw 15 of its levels.
You also visited: Volcano.

You collected 778 gold pieces.

Inventory:

Armour
 L - a +1 cloak of invisibility (worn)
 U - a +0 fire dragon armour (worn)
Rods
 u - a +2 rod of ignition (11/11)
   (You took it off an orc wizard on level 4 of the Dungeon)
Jewellery
 a - an amulet of regeneration (around neck)
 g - a ring of protection from magic (left claw)
 A - the ring "Pnuivvuri" (right claw) {rElec rC- Int-4 Dex+3}
   (You took it off an orc wizard on level 5 of the Dungeon)

   [ring of intelligence]

   It affects your intelligence (-4).
   It affects your dexterity (+3).
   It makes you vulnerable to cold.
   It insulates you from electricity.
Magical devices
 i - a wand of draining (10)
 l - a wand of draining (6)
 r - a wand of flame (22)
 v - a wand of slowing (23)
 x - a wand of confusion (28)
 z - a wand of frost (27)
 E - a wand of teleportation (5)
 F - a wand of frost (19)
 G - a wand of paralysis (16)
 K - a wand of magic darts (16)
 O - a wand of cold (8)
Scrolls
 c - 3 scrolls of fear
 e - 3 scrolls of remove curse
 m - 2 scrolls of teleportation
 y - 2 scrolls of enchant armour {unknown}
 D - 3 scrolls of identify
Potions
 f - 3 potions of curing
 h - a potion of ambrosia {unknown}
 n - a potion of magic
 p - a potion of resistance
 q - 3 potions of agility
 s - a potion of flight {unknown}
 w - 2 potions of cancellation {unknown}
 C - 2 potions of brilliance
 R - 2 potions of lignification {unknown}
 S - a potion of degeneration {unknown}
 T - a potion of berserk rage {unknown}
Books
 B - a book of Party Tricks

   Spells                             Type                      Level
   a - Summon Butterflies             Summoning                    1
   b - Apportation                    Translocation                1
   c - Tukima's Dance                 Hexes                        3
   d - Alistair's Intoxication        Transmutation/Poison         4
   e - Invisibility                   Hexes                        6
 I - a book of Frost

   Spells                             Type                      Level
   a - Freeze                         Ice                          1
   b - Throw Frost                    Conjuration/Ice              2
   c - Ozocubu's Armour               Charms/Ice                   3
   d - Throw Icicle                   Conjuration/Ice              4
   e - Summon Ice Beast               Ice/Summoning                4
   f - Condensation Shield            Ice                          4
Comestibles
 b - 9 meat rations
 d - 10 bread rations
 k - 2 beef jerkies
 o - 4 fruits


   Skills:
 + Level 10.0 Fighting
 + Level 9.4 Dodging
 - Level 1.1 Stealth
 - Level 16.0 Unarmed Combat


You had 12 spell levels left.
You didn't know any spells.

Dungeon Overview and Level Annotations

Branches:
Dungeon (8/15)             Temple (1/1) D:4            Lair (6/8) D:8
  Swamp (0/5) Lair:5       Spider (0/5) Lair:6        Slime (0/6) Lair:6

Altars:
Ashenzari
Cheibriados
Dithmenos
Elyvilon
Fedhas
Kikubaaqudgha
Makhleb
Okawaru
Qazlal
Ru
Sif Muna
Trog
Vehumet
Yredelemnul
Zin
The Shining One

Annotations:
Lair:4 exclusion: 4 oklob plants
Lair:6 exclusion: 2 oklob plants


Innate Abilities, Weirdness & Mutations

You are too large for most types of armour.
You have claws for hands.
Your metabolism is lightning-fast.
You like to eat raw meat.
You heal very quickly.
You are covered in fur (AC +1).
You have very tough skin (AC +2).


Message History

You see here a yak corpse.
You are too injured to fight recklessly!
You are too injured to fight recklessly!
You are too injured to fight recklessly!
You scratch the yak!!!
You kill the yak!
Cheibriados thoroughly appreciates the change of pace.
You completely miss the yak. The yak closely misses you.
You scratch the yak.
The yak begins to bleed from its wounds!
The yak is lightly wounded.
You scratch the yak!! You claw the yak, but do no damage.
The yak is almost dead.
The yak misses you.
The orb spider weaves a glowing orb of energy.
You scratch the yak!!
You kill the yak!
Cheibriados thoroughly appreciates the change of pace.
The orb of destruction hits you!
You die...

.PP........#..#.#.##...*sP...#.##
...P.............................
...P......##P.......###...#...#..
...........####.P..###.##.#.##...
..........## #....########.#####
....<.....## ###...##..##P.# #
...........####.........##..### #
..........##..#§###..#####P..P# #
........<.#s§§§†@....## #P..####
..P....<..##.≈≈≈......# #.....##
##........##..≈≈......# #.......
#P..####..##>.≈.......# ##.....(
##...# ##.##..≈≈.#.#..# ##...#..
#...####.##+≈≈#.†###.# #...####
#..###.#.##....^)†...####...# #
###.##....###..^###..###†.#..#
.#..###...P#####....#.#..#...###.


You could see an orb spider.

Vanquished Creatures
  The ghost of Grim the Bludgeoner, a powerful MiBe of Trog (Lair:6)
  Snorg (Lair:4)
  Fannar (Lair:1)
  4 hydras
  2 death yaks (Lair:6)
  2 black mambas
  The ghost of Ngotmuk the Skirmisher, an experienced DsFi of Ru (D:5)
  5 komodo dragons
  5 spiny frogs
  4 fire drakes
  Grinder (D:6)
  A polar bear (Lair:5)
  13 blink frogs
  2 basilisks
  2 flying skulls (Volcano)
  38 yaks
  A hippogriff (Lair:4)
  2 hungry ghosts (D:7)
  4 vampire mosquitoes (Lair:5)
  6 wolves
  2 orc warriors (D:8)
  A necrophage (D:7)
  7 porcupines
  5 water moccasins
  A black bear (Lair:3)
  A wasp (Lair:5)
  A phantom (D:5)
  4 sky beasts
  3 ogres
  4 centaurs
  15 crocodiles
  Duvessa (D:4)
  12 giant frogs
  Blork the orc (D:8)
  A gnoll sergeant (D:7)
  2 scorpions
  An electric eel (Lair:3)
  4 wights (D:7)
  8 killer bees
  A giant frog zombie (D:8)
  Dowan (D:4)
  5 crimson imps
  2 jellies (D:8)
  A centaur zombie (D:8)
  5 hounds
  A quasit (D:7)
  3 orc priests
  A centaur skeleton (D:6)
  5 iguanas
  13 orc wizards
  5 worker ants
  28 sheep
  3 mummies (Volcano)
  A hound skeleton (D:4)
  15 adders
  8 gnolls
  37 river rats
  4 giant mites
  A shadow imp (D:8)
  4 worms
  2 adder skeletons
  An adder zombie (D:5)
  4 giant geckos
  An ooze (D:4)
  40 orcs
  A bat skeleton (D:4)
  A bat zombie (D:8)
  5 giant cockroaches
  17 goblins
  20 hobgoblins
  15 jackals
  18 quokkas
  A ball python (D:3)
  10 bats
  A giant gecko skeleton (D:4)
  4 giant newts
  12 kobolds
  15 rats
  29 ballistomycetes (D:8)
511 creatures vanquished.

Vanquished Creatures (others)
  2 giant spores (D:8)
  3 fungi
  2 plants
7 creatures vanquished.

Grand Total: 518 creatures vanquished

Notes
Turn   | Place    | Note
--------------------------------------------------------------
     0 | D:1      | Grim, the Troll Monk, began the quest for the Orb.
     0 | D:1      | Reached XP level 1. HP: 22/22 MP: 1/1
   161 | D:1      | Reached XP level 2. HP: 29/29 MP: 1/1
   537 | D:1      | Reached skill level 5 in Unarmed Combat
   544 | D:1      | Reached XP level 3. HP: 36/36 MP: 2/2
  1435 | D:2      | Reached XP level 4. HP: 44/44 MP: 2/2
  1727 | D:2      | Found a glowing golden altar of the Shining One.
  1931 | D:3      | Reached skill level 6 in Unarmed Combat
  2183 | D:3      | Reached XP level 5. HP: 29/50 MP: 2/2
  2448 | D:3      | Found a radiant altar of Vehumet.
  2454 | D:3      | Found a blossoming altar of Fedhas.
  2704 | D:5      | Entered Level 5 of the Dungeon
  2724 | D:4      | Found a staircase to the Ecumenical Temple.
  2730 | D:4      | Reached skill level 7 in Unarmed Combat
  2739 | Temple   | Entered the Ecumenical Temple
  2933 | Temple   | Became a worshipper of Cheibriados the Contemplative
  2933 | Temple   | Acquired Cheibriados' first power
  3030 | D:4      | Reached XP level 6. HP: 50/59 MP: 3/3
  3135 | D:4      | Noticed Duvessa
  3139 | D:4      | Noticed Dowan
  3165 | D:4      | Killed Duvessa
  3172 | D:4      | Killed Dowan
  3172 | D:4      | Reached skill level 8 in Unarmed Combat
  3332 | D:4      | Acquired Cheibriados' second power
  3417 | D:4      | Reached XP level 7. HP: 63/66 MP: 3/3
  3668 | D:4      | Found a burning altar of Makhleb.
  3668 | D:4      | Noticed an Executioner
  4019 | D:4      | Found a deep blue altar of Sif Muna.
  4044 | D:4      | Acquired Cheibriados' third power
  4205 | D:5      | Noticed a centaur
  4217 | D:5      | Killed a centaur
  4325 | D:5      | Found a shattered altar of Ashenzari.
  4364 | D:5      | Noticed Ngotmuk's ghost (experienced DsFi)
  4377 | D:5      | Killed Ngotmuk's ghost
  4377 | D:5      | Reached skill level 5 in Fighting
  4377 | D:5      | Reached XP level 8. HP: 61/80 MP: 3/3
  4662 | D:5      | Got a twitching brass ring
  4815 | D:5      | Acquired Cheibriados' fourth power
  4895 | D:5      | Noticed a phantom
  4904 | D:5      | Killed a phantom
  5065 | D:6      | Noticed Grinder
  5355 | D:6      | Killed Grinder
  5461 | D:6      | Reached skill level 5 in Dodging
  5599 | D:6      | Reached XP level 9. HP: 81/93 MP: 4/4
  6075 | D:7      | Found a shadowy altar of Dithmenos.
  6983 | D:8      | Found a staircase to the Lair.
  6983 | D:8      | Noticed a fire drake
  6993 | D:8      | Killed a fire drake
  7051 | D:8      | Reached skill level 9 in Fighting
  7223 | D:8      | Reached XP level 10. HP: 20/107 MP: 4/4
  7792 | D:8      | Noticed Blork the orc
  7796 | D:8      | Killed Blork the orc
  8473 | Lair:1   | Entered Level 1 of the Lair of Beasts
  8769 | Lair:1   | Identified the cursed ring "Pnuivvuri" {rElec rC- Int-4 Dex+3} (You took it off an orc wizard on level 5 of the Dungeon)
  8853 | Lair:1   | Noticed Fannar
  8869 | Lair:1   | Killed Fannar
  9724 | Lair:2   | Reached skill level 10 in Unarmed Combat
  9724 | Lair:2   | Reached XP level 11. HP: 87/117 MP: 4/4
 10827 | Lair:3   | Reached skill level 11 in Unarmed Combat
 11337 | Lair:3   | Reached skill level 12 in Unarmed Combat
 12469 | Lair:4   | Found a dark tunnel.
 12474 | Volcano  | Entered a volcano
 12990 | Lair:4   | Identified a scroll of acquirement
 13040 | Lair:4   | Reached XP level 12. HP: 115/126 MP: 5/5
 13100 | Lair:4   | Noticed Snorg
 13112 | Lair:4   | HP: 6/126 [Snorg (9)]
 13114 | Lair:4   | Killed Snorg
 13330 | Lair:4   | Reached skill level 13 in Unarmed Combat
 13537 | Lair:4   | Noticed a six-headed hydra
 13548 | Lair:4   | Killed a 11-headed hydra
 14209 | Lair:5   | Noticed an eight-headed hydra
 14216 | Lair:5   | Killed a 12-headed hydra
 14415 | Lair:5   | Reached skill level 14 in Unarmed Combat
 14661 | Lair:5   | Found a staircase to the Swamp.
 14739 | Lair:5   | Noticed an eight-headed hydra
 14746 | Lair:5   | Killed a 12-headed hydra
 14853 | Lair:5   | Noticed a four-headed hydra
 14863 | Lair:5   | Killed an eight-headed hydra
 15153 | Lair:5   | Reached skill level 15 in Unarmed Combat
 15800 | Lair:6   | Found a staircase to the Slime Pits.
 15830 | Lair:6   | Reached XP level 13. HP: 122/133 MP: 5/5
 15917 | Lair:6   | Noticed Grim's ghost (powerful MiBe)
 15934 | Lair:6   | Killed Grim's ghost
 15934 | Lair:6   | Reached skill level 16 in Unarmed Combat
 16268 | Lair:6   | Found a hole to the Spider Nest.
 16296 | Lair:6   | HP: 2/133 [disintegration (52)]
 16312 | Lair:6   | Reached skill level 10 in Fighting
 16577 | Lair:6   | Blown up by an orb spider

Action                   |  1- 3 |  4- 6 |  7- 9 | 10-12 | 13-15 || total
-------------------------+-------+-------+-------+-------+-------++-------
Melee: Unarmed           |    72 |   186 |   358 |   688 |    61 ||  1365
 Abil: Evoke Invisibilit |       |       |       |     3 |       ||     3
Evoke: Wand              |       |       |       |     4 |     6 ||    10
  Use: Scroll            |       |     7 |     1 |    18 |     2 ||    28
       Potion            |       |     1 |     2 |     4 |     3 ||    10
 Stab: Sleeping          |       |     2 |     9 |     9 |       ||    20
       Invisible         |       |       |       |     5 |       ||     5
       Distracted        |       |       |       |     1 |       ||     1
  Eat: Chunk             |    14 |    21 |    29 |    53 |     3 ||   120
       Meat ration       |       |       |       |     1 |       ||     1
